 Dungeon Crawl Stone Soup version 0.20-a0-3-g334f831 (webtiles) character file.

508 JustSomeDude the Chopper (level 6, 0/51 HPs)
             Began as a Demonspawn Fighter on Oct 30, 2016.
             Slain by Grinder (3 damage)
             ... while paralysed by Grinder
             ... on level 3 of the Dungeon.
             The game lasted 00:06:20 (2767 turns).

JustSomeDude the Chopper (Demonspawn Fighter)       Turns: 2767, Time: 00:06:22

Health: 0/51       AC:  7    Str: 25 (27) XL:     6   Next: 98%
Magic:  0/10       EV:  2    Int:  8 (9)  God:
Gold:   119        SH:  0    Dex: 10 (12) Spells: 0 memorised, 11 levels left

rFire  . . .     SeeInvis .     a - +0 war axe
rCold  . . .     Gourm    .     b - +0 scale mail
rNeg   . . .     Faith    .     c - +0 shield
rPois  .         Spirit   +     (no helmet)
rElec  .         Reflect  .     (no cloak)
rCorr  .         Harm     .     (no gloves)
MR     .....                    (no boots)
Stlth  +.........               (no amulet)
                                (no ring)
                                m - +3 ring of strength

@: paralysed, mighty
A: claws 1, magic shield
a: no special abilities


You were on level 3 of the Dungeon.
You were hungry.

You visited 1 branch of the dungeon, and saw 3 of its levels.

You collected 119 gold pieces.

Inventory:

Hand Weapons
 a - a +0 war axe (weapon)
Missiles
 u - 10 tomahawks (quivered)
Armour
 b - a +0 scale mail (worn)
 c - a +0 shield (worn)
Jewellery
 l - an uncursed amulet of rage {unknown}
 m - a +3 ring of strength (left claw)
 p - a cursed amulet of inaccuracy {unknown}
Wands
 k - a wand of heal wounds (3/9)
Scrolls
 e - a scroll of random uselessness {unknown}
 h - 3 scrolls of teleportation {unknown}
 i - 3 scrolls of remove curse {unknown}
 j - 3 scrolls of identify
 n - a scroll of fear {unknown}
Potions
 q - a potion of berserk rage {unknown}
 r - a potion of magic {unknown}
 s - a potion of ambrosia {unknown}
Comestibles
 f - 4 bread rations
 t - a meat ration


   Skills:
 + Level 5.0 Fighting
 + Level 5.0 Axes
 + Level 3.1 Throwing
 + Level 5.0 Armour
 + Level 3.5 Dodging
 + Level 3.6 Stealth
 + Level 4.8 Shields
 + Level 3.1 Unarmed Combat
 + Level 3.1 Spellcasting


You had 11 spell levels left.
You didn't know any spells.

Dungeon Overview and Level Annotations

Branches:
Dungeon (3/15)

Altars:
Hepliaklqana
Ru

Annotations:
D:3 Grinder


Innate Abilities, Weirdness & Mutations

You have sharp fingernails.
When hurt, damage is shared between your health and your magic reserves.


Message History

* * * LOW HITPOINT WARNING * * *
You completely miss Grinder.
Grinder is moderately wounded.
Grinder gestures at you. You resist with significant effort.
You closely miss Grinder.
Grinder is moderately wounded.
Grinder hits you.
* * * LOW HITPOINT WARNING * * *
You writhe in agony.
* * * LOW HITPOINT WARNING * * *
You feel very mighty all of a sudden. You block Grinder's attack.
You barely miss Grinder.
Grinder is moderately wounded.
Grinder gestures at you.
You suddenly lose the ability to move!
Grinder hits you.
* * * LOW HITPOINT WARNING * * *
You writhe in agony.
You die...

#.##..#.#.####.########.#
#.##..#.#...............#
#########.##..#.######.########..
..........##.....# #.# #.#
.....########.#..# #)########.#
####.# #..# #.#.)#.....# ..##.# #
#..# #.#).####### ...#.#####
#.#.?# #.#..### ...#.....#
#.#.@#######..#≈# .....###.#
#...5.>.!.#..##≈## ...#.# #.#
###......##..#≈≈≈#### ...#.# #.#
#..#####..##≈≈≈.... ..##.# #.#
#..# #..#≈≈≈≈#### ####.# #.# #..#
#..##≈≈≈# .....# #.# #..#
##..#≈≈≈# ...### #.# #..#
#..#≈≈## ..## #.# ###.(# #..#≈##


You could see Grinder.

Vanquished Creatures
  2 big kobolds (D:3)
  A bullfrog (D:3)
  Natasha (D:3)
  Terence (D:2)
  Robin (D:3)
  2 adders (D:2)
  An ooze (D:2)
  5 worms
  3 dart slugs
  A leopard gecko (D:2)
  2 orcs (D:3)
  9 bats
  2 giant cockroaches
  15 goblins
  12 hobgoblins
  A quokka (D:3)
  2 ball pythons
  6 frilled lizards
  14 kobolds
  5 rats
86 creatures vanquished.

Notes
Turn   | Place    | Note
-------+----------+-------------------------------------------
     0 | D:1      | JustSomeDude the Demonspawn Fighter began the quest for the Orb.
     0 | D:1      | Reached XP level 1. HP: 18/18 MP: 1/1
   302 | D:1      | Gained mutation: You have sharp fingernails. [demonic ancestry]
   302 | D:1      | Reached XP level 2. HP: 24/24 MP: 2/2
   812 | D:2      | Noticed Terence
   819 | D:2      | Killed Terence
   819 | D:2      | Reached XP level 3. HP: 20/29 MP: 3/3
  1113 | D:2      | Gained mutation: When hurt, damage is shared between your health and your magic reserves. [demonic ancestry]
  1113 | D:2      | Reached XP level 4. HP: 27/35 MP: 4/4
  1562 | D:2      | Found a sacrificial altar of Ru.
  1622 | D:3      | Reached skill level 1 in Dodging
  1651 | D:3      | Noticed a big kobold
  1652 | D:3      | Noticed a big kobold
  1660 | D:3      | Reached XP level 5. HP: 14/43 MP: 1/9
  1668 | D:3      | Reached XP level 6. HP: 17/50 MP: 2/10
  2032 | D:3      | Noticed Robin
  2038 | D:3      | Killed Robin
  2047 | D:3      | Reached skill level 5 in Armour
  2047 | D:3      | Reached skill level 5 in Axes
  2345 | D:3      | Found a hazy altar of Hepliaklqana.
  2385 | D:3      | Noticed Natasha
  2390 | D:3      | Killed Natasha
  2551 | D:3      | Reached skill level 5 in Fighting
  2738 | D:3      | Noticed Grinder
  2767 | D:3      | Paralysed by Grinder for 4 turns
  2767 | D:3      | Slain by Grinder

Vault maps used:
D:1:      shiori_arrival_elements, hangedman_glass_garden
D:2:      marbit_many_paths, first_bread, uniq_terence
D:3:      cheibrodos_thug_alley, old_standard_altar, uniq_robin, uniq_natasha,
          uniq_grinder

Skill      XL: |  1  2  3  4  5  6 |
---------------+-------------------+-----
Shields        | 3 4 |  4.8
Axes           | 2 4 5 |  5.0
Armour         | 3 4 5 |  5.0
Dodging        | 3 |  3.5
Fighting       | 4 5 |  5.0
Throwing       | 3 |  3.1
Stealth        | 3 |  3.6
Unarmed Combat | 3 |  3.1
Spellcasting   | 3 |  3.1

Action                   |  1- 3 |  4- 6 || total
-------------------------+-------+-------++-------
Melee: War axe           |   108 |   177 ||   285
  Use: Potion            |       |     7 ||     7
       Scroll            |       |     1 ||     1
 Stab: Invisible         |       |     2 ||     2
  Eat: Chunk             |     1 |     5 ||     6
Armor: Scale mail        |    68 |    77 ||   145
Dodge: Dodged            |    25 |    69 ||    94
Block: Shield            |    54 |   114 ||   168
